 Dungeon Crawl Stone Soup version 0.31.0-11-ge490571c62 (webtiles) character file.

Game seed: 8275870549301781800

74 Ashen the Trooper (level 4, -10/41 HPs)
             Began as a Hill Orc Monk on Feb 1, 2024.
             Killed by nerve-wracking pain
             ... invoked by Grinder
              (13 damage)
             ... on level 3 of the Dungeon.
             The game lasted 00:05:21 (1938 turns).

Ashen the Trooper (Hill Orc Monk)                   Turns: 1938, Time: 00:05:22

Health: -10/41     AC:  3    Str: 11 (13) XL:     4   Next: 30%
Magic:  4/4        EV: 13    Int:  9 (10) God:
Gold:   72         SH:  0    Dex: 14 (15) Spells: 3/3 levels left

rFire   . . .        a - +0 spear
rCold   . . .        d - orb {light}
rNeg    . . .        b - +0 robe
rPois   .            m - +0 helmet
rElec   .            (no cloak)
rCorr   .            (no gloves)
SInv    .            (no boots)
Will    .....        (no amulet)
Stlth   +            (no ring)
HPRegen 0.26/turn    (no ring)
MPRegen 0.09/turn

%: no passive effects
@: hasted, glowing, very quick
A: no striking features
a: no special abilities


You were on level 3 of the Dungeon.
You visited 1 branch of the dungeon, and saw 3 of its levels.

You collected 72 gold pieces.

Inventory:

Hand Weapons
 a - a +0 spear (weapon)
Armour
 b - a +0 robe (worn)
 d - an orb of light (worn)
 m - a +0 helmet (worn)
Jewellery
 l - an amulet of faith
Scrolls
 f - 4 scrolls of teleportation {unknown}
 h - a scroll of acquirement {unknown}
 k - a scroll of torment {unknown}
 q - a scroll of noise {unknown}
Potions
 e - a potion of attraction {unknown}
 g - a potion of resistance {unknown}
 i - a potion of degeneration
 j - a potion of curing {unknown}
 n - a potion of lignification {unknown}
 o - a potion of heal wounds {unknown}
 p - a potion of haste


   Skills:
 + Level 4.5 Fighting
 + Level 4.1 Polearms
 + Level 0.9 Armour
 + Level 3.0 Dodging


You had 3 spell levels left.
You didn't know any spells.
Your spell library contained the following spells:

 Spells                   Type           Power      Damage    Failure   Level
 Freeze                   Ice            0%         1d3       38%         1
 Scorch                   Fire           0%         2d5       52%         2
 Frozen Ramparts          Ice            0%         1d1       77%         3
 Hailstorm                Conj/Ice       0%         3d5       77%         3
 Flame Wave               Conj/Fire      0%         2d4       99%         4
 Summon Cactus Giant      Summ           0%         N/A       100%        6


Dungeon Overview and Level Annotations

Branches:
Dungeon (3/15)

Altars:
Ashenzari

Annotations:
D:3 Grinder


Message History

Grinder hits you.
You writhe in agony.
You are too injured to fight recklessly!
You hit Grinder.
Grinder is severely wounded.
Grinder hits you but does no damage.
You hit Grinder but do no damage.
Grinder is severely wounded.
Grinder blinks!
You open the door. Grinder gestures at you. Pain shoots through your body!
* * * LOW HITPOINT WARNING * * *
There is an open door here.
You close the door.
You start resting.
Grinder opens the door.
You close the door.
Grinder opens the door.
You close the door.
Grinder opens the door.
You close the door.
Grinder opens the door.
You close the door.
Grinder breaks down the door.
It was a potion of degeneration.
There was something very wrong with that liquid.
You feel weakened.
You feel dopey.
You feel clumsy.
It was a potion of haste.
You feel yourself speed up. Grinder hits you.
* * * LOW HITPOINT WARNING * * *
You writhe in agony.
* * * LOW HITPOINT WARNING * * *
You barely miss Grinder.
Grinder is severely wounded.
You hit Grinder.
Grinder is severely wounded.
Grinder closely misses you.
You hit Grinder.
Grinder is almost dead.
You barely miss Grinder.
Grinder is almost dead.
Grinder gestures at you. Pain shoots through your body!
You die...
Grinder says, "Hey, I wasn't done torturing you yet!"

#.... ..............###.##
#...####.......#####..##...
#......#.......#.........##
#..#...'.5._...+...#..##.##
#..#...#.......... #.###...
#...####.......#####.# #...
##....#.........#....##..##
###..#⌠.##5##.⌠#..###..##
##.####@..####.#....#
#....#...#......####
###..#...#..##)##
##.#####.###.#
#.......##..# #####......##
########


You could see Grinder.

Vanquished Creatures
  2 dart slugs (D:1)
  3 ribbon worms (D:2)
  3 ball pythons (D:1)
  4 endoplasms
  A giant cockroach (D:3)
  4 goblins
  6 hobgoblins
  13 jackals
  5 kobolds
  3 quokkas
  4 bats
  2 frilled lizards
  4 rats
54 creatures vanquished.

Notes
Turn   | Place    | Note
-------+----------+-------------------------------------------
     0 | D:1      | Ashen the Hill Orc Monk began the quest for the Orb.
     0 | D:1      | Reached XP level 1. HP: 19/19 MP: 1/1
   126 | D:1      | Reached XP level 2. HP: 27/27 MP: 2/2
   382 | D:1      | Reached XP level 3. HP: 33/33 MP: 3/3
  1258 | D:2      | Identified the ring "Plog" {MP+9 Str+4 Dex+3 Slay-3 Stlth+}
  1333 | D:2      | Reached XP level 4. HP: 39/41 MP: 4/4
  1877 | D:3      | Noticed Grinder
  1905 | D:3      | Found a broken altar of Ashenzari.
  1934 | D:3      | HP: 2/41 [Grinder (1)]
  1938 | D:3      | Killed from afar by Grinder

Illustrated notes

Levels and vault maps discovered:
D:1:      minmay_arrival_wavy_path, layout_basic
D:2:      layout_basic, minmay_misc_feat_secret_circle, dk_vineyard_2,
          nicolae_twisty_statue_hallways
D:3:      cheibrodos_old_hovel, layout_loops_cross, marbit_many_paths,
          nicolae_overflow_crystal_walls, evilmike_ruin_ashenzari, serial_shops,
          shop, dilly_guarded_unrand_morg, uniq_sigmund, uniq_grinder

Skill      XL: |  1  2  3  4 |
---------------+-------------+-----
Fighting       | 4 |  4.5
Polearms       | 4 |  4.1
Dodging        | 3 |  3.0
Armour         | |  0.9

Action                     |  1- 3 |  4- 6 || total
---------------------------+-------+-------++-------
  Melee: Spear             |   163 |    70 ||   233
    Use: Potion            |       |     3 ||     3
 Armour: Robe              |    53 |    24 ||    77
  Dodge: Dodged            |    97 |    40 ||   137
